 Dungeon Crawl Stone Soup version 0.31-a0-8-gd14b0f4ee2 (webtiles) character file.

Game seed: 12669523940026151579

1812 ooooo the Destroyer (level 9, -1/51 HPs)
             Began as an Octopode Conjurer on May 6, 2023.
             Slain by a centaur
             ... wielding a +3 long sword of freezing
              (14 damage)
             ... on level 7 of the Dungeon.
             The game lasted 00:16:49 (10143 turns).

ooooo the Destroyer (Octopode Conjurer)            Turns: 10143, Time: 00:16:51

Health: -1/51      AC:  3    Str:  7    XL:     9   Next: 10%
Magic:  9/12       EV: 13    Int: 24    God:
Gold:   298        SH:  0    Dex: 10    Spells: 9/12 levels left

rFire   . . .        d - +5 dagger
rCold   . . .        (no shield)
rNeg    + . .        j - +2 hat
rPois   .            (no amulet)
rElec   .            b - ring of positive energy
rCorr   .            (no ring)
SInv    .            (no ring)
Will    .....        (no ring)
Stlth   +++          (no ring)
HPRegen 0.28/turn    (no ring)
MPRegen 0.13/turn    (no ring)
                     (no ring)

%: no passive effects
@: no status effects
A: almost no armour, amphibious, 8 rings, camouflage 1, gelatinous body 1,
(nimble swimmer 1), tentacles
a: no special abilities


You were on level 7 of the Dungeon.
You visited 2 branches of the dungeon, and saw 8 of its levels.

You collected 298 gold pieces.

Inventory:

Hand Weapons
 d - a +5 dagger (weapon)
 g - a +2 short sword of venom
Armour
 j - a +2 hat (worn)
Jewellery
 b - a ring of positive energy (left tentacle)
Wands
 h - a wand of mindburst (1)
 m - a wand of roots (4)
 u - a wand of polymorph (14)
Scrolls
 c - 2 scrolls of magic mapping
 f - 2 scrolls of immolation {unknown}
 q - a scroll of vulnerability
 r - a scroll of fog
Potions
 a - 3 potions of magic
 e - a potion of cancellation {unknown}
 i - 2 potions of resistance
 k - 2 potions of curing
 l - a potion of berserk rage {unknown}
 n - 3 potions of heal wounds {unknown}
 o - a potion of flight {unknown}
 p - 2 potions of attraction {unknown}
 s - a potion of might {unknown}
 t - a potion of invisibility {unknown}
 v - 3 potions of brilliance {unknown}


   Skills:
 - Level 2.0 Dodging
 - Level 2.6 Stealth
 - Level 2.0 Spellcasting
 + Level 8.7 Conjurations
 + Level 5.8 Transmutations
 + Level 5.8 Earth Magic


You had 9 spell levels left.
You knew the following spells:

 Your Spells              Type           Power      Damage    Failure   Level
a - Searing Ray           Conj           88%        2d7       1%          2
b - Magic Dart            Conj           100%       1d8       1%          1

Your spell library contained the following spells:

 Spells                   Type           Power      Damage    Failure   Level
 Passwall                 Tmut/Erth      25%        N/A       1%          2
 Momentum Strike          Conj/Tloc      46%        3d9       3%          2
 Static Discharge         Conj/Air       46%        2-4/arc   3%          2
 Dazzling Flash           Conj/Hex       46%        N/A       6%          3
 Petrify                  Tmut/Erth      30%        N/A       11%         4
 Blink                    Tloc           4%         N/A       19%         2
 Ensorcelled Hibernation  Hex/Ice        4%         N/A       19%         2
 Lesser Beckoning         Tloc           4%         N/A       19%         2
 Fulminant Prism          Conj/Hex       11%        3d9       21%         4
 Iskenderun's Mystic Bla  Conj/Tloc      23%        2d6       21%         4
 Summon Guardian Golem    Hex/Summ       2%         N/A       34%         3
 Swiftness                Air            2%         N/A       34%         3
 Airstrike                Air            1%         2d(1-17)  75%         4
 Olgreb's Toxic Radiance  Pois           2%         N/A       75%         4
 Summon Lightning Spire   Summ/Air       2%         N/A       75%         4
 Statue Form              Tmut/Erth      20%        N/A       86%         6
 Orb of Destruction       Conj           22%        9d8       96%         7
 Metabolic Englaciation   Hex/Ice        1%         N/A       97%         5
 Spellforged Servitor     Conj/Summ      11%        N/A       100%        7
 Discord                  Hex            1%         N/A       100%        8
 Ignition                 Fire           1%         3d3       100%        8


Dungeon Overview and Level Annotations

Branches:
Dungeon (7/15) Zot: 26870  Temple (1/1) D:4 Zot: 5975

Altars:
Ashenzari
Elyvilon
Fedhas
Gozag
Kikubaaqudgha
Makhleb
Nemelex Xobeh
Okawaru
Qazlal
Ru
Sif Muna
Trog
Uskayaw
Vehumet
Wu Jian
Xom
Zin
The Shining One

Shops:
D:3 !:   D:5 *

Annotations:
D:3 2 runed translucent doors, mnelsen79's ghost, amateur SpEn


Innate Abilities, Weirdness & Mutations

You cannot wear most types of armour.
You are amphibious.
You can wear up to eight rings at the same time.
Your skin changes colour to match your surroundings (Stealth+).
Your rubbery body absorbs attacks. (AC +1, EV +1)
((You are camouflaged when in or above water. (Stealth+)))
You have tentacles for arms and can constrict up to eight enemies at once.


Message History

The searing ray hits the killer bee.
The killer bee is almost dead.
You feel sick.
The killer bee stings you but does no damage.
The killer bee completely misses you.
The searing ray hits the killer bee.
You kill the killer bee!
You feel sick.
You finish channelling your searing ray.
You feel sick.
You feel sick.
You feel sick.
You feel sick.
You are no longer poisoned.
You start resting.
A centaur comes into view.
It is wielding a +3 long sword of freezing.
A centaur is nearby!
The centaur shouts!
The centaur hits you with a +3 long sword of freezing!
The centaur freezes you. The centaur kicks you.
You hear a shout! x3; You hear an angry hiss.
Casting: Searing Ray (safe; 1% risk of failure)
Confirm with . or Enter, or press ? or * to list all spells.
Aiming: Searing Ray (safe; 1% risk of failure)
Press: ? - help, Shift-Dir - straight line, f - centaur
Aim: a centaur, wielding a +3 long sword of freezing (89% to hit)
The searing ray hits the centaur!
The centaur is heavily wounded. (Press . to maintain the ray.)
You hear a bark!
The centaur closely misses you.
The centaur kicks you but does no damage.
The searing ray hits the centaur!
The centaur is almost dead.
The centaur hits you with a +3 long sword of freezing!
The centaur freezes you.
* * * LOW HITPOINT WARNING * * *
The centaur kicks you but does no damage.
The centaur hits you with a +3 long sword of freezing!
You die...

#....# #.####.#
#......# #.###### ###
###.### ##.##
#.....##### ##...##
#.#.#.#...###.....#
#.#.#.#......#...##
#.#.......##@##.######.
#.###.######.c†........
#.....# ####.#######
####### #.####
####5...##
####....##..#
...y........#
...###...##..# )# #.#.#
#


You could see a centaur.

Vanquished Creatures
  Grinder (D:4)
  4 humans
  A water moccasin (D:6)
  A black bear (D:6)
  2 ogres
  A bullfrog (D:6)
  A scorpion (D:6)
  A killer bee (D:7)
  A howler monkey (D:6)
  An electric eel (D:6)
  5 orc priests
  2 jellies
  3 iguanas
  4 gnolls (D:6)
  4 adders
  A shadow imp (D:7)
  A worm (D:4)
  5 dart slugs
  16 orcs
  2 bats
  5 endoplasms
  3 giant cockroaches
  12 hobgoblins
  6 quokkas
  6 ball pythons
  2 frilled lizards (D:1)
  11 goblins
  7 kobolds
  4 rats
113 creatures vanquished.

Notes
Turn   | Place    | Note
-------+----------+-------------------------------------------
     0 | D:1      | ooooo the Octopode Conjurer began the quest for the Orb.
     0 | D:1      | Reached XP level 1. HP: 11/11 MP: 3/3
   272 | D:1      | Reached XP level 2. HP: 17/17 MP: 0/5
   346 | D:1      | Learned a level 2 spell: Searing Ray
  1087 | D:1      | Reached XP level 3. HP: 13/21 MP: 3/6
  1359 | D:1      | Reached skill level 5 in Conjurations
  1443 | D:1      | Identified a scroll of acquirement
  1443 | D:1      | Acquired a book of Dangerous Friends
  2581 | D:2      | Reached XP level 4. HP: 17/27 MP: 3/7
  2848 | D:3      | Found Lysk's Distillery.
  2914 | D:3      | Found a faded altar of an unknown god.
  2921 | D:3      | Reached skill level 6 in Conjurations
  3111 | D:3      | Found a large runed translucent door.
  3111 | D:3      | Found a large runed translucent door.
  3114 | D:3      | Noticed mnelsen79's ghost (amateur SpEn)
  3666 | D:3      | Found Fecim's Book Boutique.
  3672 | D:3      | Reached XP level 5. HP: 22/31 MP: 5/8
  3994 | D:4      | Found a staircase to the Ecumenical Temple.
  4004 | Temple   | Entered the Ecumenical Temple
  4161 | D:4      | Noticed Grinder
  4172 | D:3      | Reached skill level 1 in Transmutations
  4172 | D:3      | Reached skill level 1 in Earth Magic
  4677 | D:4      | Noticed an ogre
  5052 | D:4      | Killed Grinder
  5053 | D:4      | Reached XP level 6. HP: 36/36 MP: 9/9
  5527 | D:4      | Reached skill level 7 in Conjurations
  5527 | D:4      | Reached XP level 7. HP: 41/41 MP: 5/10
  5775 | D:5      | Entered Level 5 of the Dungeon
  5819 | D:5      | Found a sparkling altar of Nemelex Xobeh.
  6844 | D:5      | Found a shimmering blue altar of Sif Muna.
  6913 | D:5      | Found Peuch's Assorted Antiques.
  7482 | D:6      | Noticed a human
  7483 | D:6      | Noticed a human
  7520 | D:6      | Killed a human
  7707 | D:6      | Noticed a human
  7722 | D:6      | Killed a human
  7723 | D:6      | Reached XP level 8. HP: 36/46 MP: 5/11
  7909 | D:6      | Reached skill level 8 in Conjurations
  8113 | D:6      | Reached skill level 5 in Transmutations
  8113 | D:6      | Reached skill level 5 in Earth Magic
  8645 | D:6      | Found an opulent altar of Gozag.
  9307 | D:6      | Reached XP level 9. HP: 12/51 MP: 2/12
 10143 | D:7      | Slain by a centaur

Illustrated notes

Levels and vault maps discovered:
D:1:      elethiomel_arrival_fortress_basement, layout_basic,
          kennysheep_nondescript
D:2:      layout_basic
D:3:      layout_loops_corners, serial_shops, nicolae_shop_back_alley_shop,
          shop, chequers_ecumenical_altar_island, ebering_ghost_disaster_area
D:4:      layout_loops_ring, minmay_temple_entry_mist, uniq_grinder
D:5:      layout_loops_corners, old_standard_altar,
          mainiacjoe_overflow_six_doors_small, serial_shops,
          nicolae_shop_real_fake_doors, nicolae_figureground_sparkle
D:6:      layout_loops_corners, nicolae_overflow_hidden_temple,
          kennysheep_cross_bottleneck, minmay_ruffians
D:7:      layout_loops_corners, minmay_starry_boxes, uniq_prince_ribbit1,
          uniq_duvessa, uniq_crazy_yiuf_cottage
Temple:   minmay_freezing_vapour_temple

Skill      XL: |  1  2  3  4  5  6  7  8 |
---------------+-------------------------+-----
Conjurations   | 5 6 7 8 |  8.7
Transmutations | 2 4 5 |  5.8
Earth Magic    | 2 3 4 5 |  5.8
Dodging        | |  2.0
Stealth        | |  2.6
Spellcasting   | |  2.0

Action                     |  1- 3 |  4- 6 |  7- 9 || total
---------------------------+-------+-------+-------++-------
  Melee: Dagger            |     4 |       |       ||     4
         Constrict         |     1 |       |       ||     1
   Cast: Magic Dart        |    15 |       |     4 ||    19
         Searing Ray       |    27 |    36 |    39 ||   102
  Evoke: Wand              |       |     7 |    16 ||    23
    Use: Scroll            |     7 |     4 |       ||    11
         Potion            |     2 |       |     2 ||     4
   Stab: Sleeping          |     1 |       |       ||     1
 Armour: Skin              |       |     4 |    11 ||    15
  Dodge: Dodged            |     9 |     8 |    25 ||    42

Table legend: (Time is in decaauts)
 A = Elapsed time spent in this place.
 B = Non-inter-level travel time spent in this place.
 C = Inter-level travel time spent in this place.
 D = Time resting spent in this place.
 E = Time spent auto-exploring this place.
 F = Levels seen in this place.
 G = Mean time per level.
                   A        B        C        D        E       F      G
               +--------+--------+--------+--------+--------+-----+--------+
         Total |  10147 |   9927 |    220 |   2563 |   6323 |   8 | 1268.4 |
       Dungeon |  10122 |   9902 |    220 |   2563 |   6313 |   7 | 1446.0 |
        Temple |     24 |     24 |      0 |      0 |     10 |   1 |   24.0 |
               +--------+--------+--------+--------+--------+-----+--------+

Top non-repeatable levels by time:
     D:6: 2420 daAuts
     D:5: 1819 daAuts
     D:3: 1738 daAuts
     D:1: 1447 daAuts
     D:4: 1394 daAuts
     D:2: 1172 daAuts
     D:7: 128 daAuts
  Temple: 24 daAuts
